 Dungeon Crawl Stone Soup version 0.21-a0-135-g8dc100c (webtiles) character file.

44 grindst0ne the Grave Robber (level 3, -5/30 HPs)
             Began as a Hill Orc Necromancer on July 17, 2017.
             Slain by Robin
             ... wielding a +0 trident
              (9 damage)
             ... on level 1 of the Dungeon.
             The game lasted 00:08:00 (1803 turns).

grindst0ne the Grave Robber (Hill Orc Necromancer)  Turns: 1803, Time: 00:08:02

Health: -5/30      AC:  3    Str: 10    XL:     3   Next: 62%
Magic:  2/5        EV: 11    Int: 16    God:
Gold:   16         SH:  0    Dex: 11    Spells: 0/5 levels left

rFire    x . .     SeeInvis .   k - -2 dagger (curse)
rCold    + . .     Gourm    .   (no shield)
rNeg     . . .     Faith    .   h - +0 leather armour
rPois    .         Spirit   .   (no helmet)
rElec    .         Reflect  .   (no cloak)
rCorr    .         Harm     .   (no gloves)
MR       .....                  (no boots)
Stlth    +.........             a - amulet of inaccuracy (curse)
HPRegen  0.10/turn              j - ring of ice
MPRegen  0.09/turn              (no ring)

@: no status effects
A: no striking features
a: no special abilities


You were on level 1 of the Dungeon.
You were near starving.

You visited 1 branch of the dungeon, and saw 2 of its levels.

You collected 16 gold pieces.

Inventory:

Hand Weapons
 e - a +0 dagger
 k - a cursed -2 dagger (weapon)
Missiles
 g - a throwing net (quivered)
Armour
 h - a +0 leather armour (worn)
Jewellery
 a - a cursed amulet of inaccuracy (around neck)
 j - a ring of ice (left hand)
Potions
 d - a potion of flight
Books
 b - a book of Necromancy

   Spells                             Type                      Level
   a - Pain                           Necromancy                   1
   b - Animate Skeleton               Necromancy                   1
   c - Vampiric Draining              Necromancy                   3
   d - Regeneration                   Charms/Necromancy            3
   e - Animate Dead                   Necromancy                   4
   f - Control Undead                 Necromancy                   4
Comestibles
 c - a bread ration
 i - a meat ration


   Skills:
 + Level 2.6 Fighting
 - Level 1.5 Dodging
 - Level 1.5 Stealth
 - Level 1.5 Spellcasting
 + Level 4.6 Necromancy


You couldn't memorise any spells.
You knew the following spells:

 Your Spells              Type           Power        Failure   Level  Hunger
a - Pain                  Necr           ###.         4%          1    ##.....
b - Animate Skeleton      Necr           N/A          4%          1    ##.....
c - Vampiric Draining     Necr           ###.......   13%         3    ####...


Dungeon Overview and Level Annotations

Branches:
Dungeon (2/15)

Altars:
Ru

Annotations:
D:1 exclusion: downstairs, Robin


Message History

Confirm with . or Enter, or press ? or * to list all spells.
Aiming: Pain
Press: ? - help, Shift-Dir - straight line, f/p - Robin
Aim: Robin, wielding a trident, wearing an animal skin and wearing a helmet (heavily wounded, chance to defeat MR: 80%) Robin barely resists.
Robin hits you with a trident!
* * * LOW HITPOINT WARNING * * *
Robin hits you from afar with a trident.
* * * LOW HITPOINT WARNING * * *
Robin laughs in a distinctly smug fashion.
Okay, then.
You are near starving!
Casting: Pain
Confirm with . or Enter, or press ? or * to list all spells.
Aiming: Pain
Press: ? - help, Shift-Dir - straight line, f/p - Robin
Aim: Robin, wielding a trident, wearing an animal skin and wearing a helmet (moderately wounded, chance to defeat MR: 80%) Robin writhes in agony!
You open the door.
Robin hits you from afar with a trident!
You die...

#.# #.>......## ##.#
#.# ##........###.##
##.#######.++''+'..#.##
#......Z...+....+.#.##
#..#######.+.<..'.#.#
#..# #.'....+.#.# #..#
#.+....+...# ##..#
#.+'++''...# ....#
#.....@..### ##(##
##..#..#### #.#
#...#g## #.# ##.#.#.#
##.######..#.#.#
........#.##.#.#
##....>........#
#...........###
#.......#####


You could see Robin.

Vanquished Creatures
  2 leopard geckos (D:2)
  A ball python (D:1)
  6 bats
  A giant cockroach (D:1)
  5 goblins
  3 hobgoblins
  6 jackals
  3 kobolds (D:1)
  4 frilled lizards
  3 rats
34 creatures vanquished.

Vanquished Creatures (collateral kills)
  A leopard gecko (D:2)
  3 goblins
  2 kobolds
6 creatures vanquished.

Grand Total: 40 creatures vanquished

Notes
Turn   | Place    | Note
-------+----------+-------------------------------------------
     0 | D:1      | grindst0ne the Hill Orc Necromancer began the quest for the Orb.
     0 | D:1      | Reached XP level 1. HP: 14/14 MP: 3/3
   276 | D:1      | Reached skill level 1 in Fighting
   414 | D:1      | Reached XP level 2. HP: 20/23 MP: 2/4
   450 | D:1      | Learned a level 1 spell: Animate Skeleton
   975 | D:2      | Noticed Robin
  1001 | D:2      | Reached XP level 3. HP: 29/29 MP: 3/5
  1006 | D:2      | Learned a level 3 spell: Vampiric Draining
  1030 | D:2      | Found a faded altar of an unknown god.
  1109 | D:2      | Found a sacrificial altar of Ru.
  1803 | D:1      | Slain by Robin

Vault maps used:
D:1:      lightli_arrival_maybe_door_vault
D:2:      chequers_ecumenical_altar_grove, nicolae_ru_sacrificial_ziggurat,
          uniq_natasha, uniq_robin

Skill      XL: |  1  2 |
---------------+-------+-----
Fighting       | 1 2 |  2.6
Dodging        | |  1.5
Stealth        | |  1.5
Spellcasting   | |  1.5
Necromancy     | |  4.6

Action                   || total
-------------------------++-------
Melee: Dagger            ||    68
       Unarmed           ||    20
 Cast: Pain              ||    52
       Animate Skeleton  ||    13
  Use: Scroll            ||     3
  Eat: Chunk             ||     3
Armor: Leather armour    ||    53
       Robe              ||     9
Dodge: Dodged            ||   113
